 Dungeon Crawl Stone Soup version 0.21.1-1-g345015f (webtiles) character file.

11 shakethe the Firebug (level 2, -8/19 HPs)
             Began as a Demonspawn Fire Elementalist on Feb 19, 2018.
             Mangled by a gnoll
             ... wielding a +0 halberd
              (10 damage)
             ... on level 1 of the Dungeon.
             The game lasted 00:01:35 (744 turns).

shakethe the Firebug (Demonspawn Fire Elementalist)  Turns: 744, Time: 00:01:36

Health: -8/19      AC:  2    Str: 13    XL:     2   Next: 13%
Magic:  1/5        EV: 12    Int: 16    God:
Gold:   0          SH:  0    Dex: 13    Spells: 4/5 levels left

rFire    . . .     SeeInvis .   e - +0 club
rCold    . . .     Gourm    .   (no shield)
rNeg     . . .     Faith    .   a - +0 robe
rPois    .         Spirit   .   (no helmet)
rElec    .         Reflect  .   (no cloak)
rCorr    .         Harm     .   (no gloves)
MR       .....                  (no boots)
Stlth    ++........             (no amulet)
HPRegen  0.06/turn              (no ring)
MPRegen  0.09/turn              (no ring)

@: mighty, very slightly contaminated
A: powered by pain 1
a: no special abilities


You were on level 1 of the Dungeon.
You were not hungry.

You visited 1 branch of the dungeon, and saw 1 of its levels.

Inventory:

Hand Weapons
 e - a +0 club (weapon)
   (You took it off a goblin on level 1 of the Dungeon)
Missiles
 d - 15 stones (quivered)
Armour
 a - a +0 robe (worn)
Potions
 g - a potion of curing {unknown}
Books
 b - a book of Flames
Comestibles
 c - a ration
 f - 5 chunks of flesh {@w0@w0}


   Skills:
 - Level 1.7 Dodging
 - Level 1.7 Stealth
 - Level 2.0 Spellcasting
 + Level 1.7 Conjurations
 + Level 3.0 Fire Magic


You had 4 spell levels left.
You knew the following spells:

 Your Spells              Type           Power        Failure   Level  Hunger
a - Flame Tongue          Conj/Fire      #....        8%          1    #......


Dungeon Overview and Level Annotations

Branches:
Dungeon (1/15)

Altars:


Innate Abilities, Weirdness & Mutations

You sometimes gain a little power by taking damage.


Message History

You take 1 damage, and have 12/13 hp.
The bat hits you but does no damage. The bat hits you.
You take 1 damage, and have 11/13 hp.
The bat hits you but does no damage. The bat barely misses you.
All of the chunks of flesh in your inventory have rotted away.
The bat misses you. The bat hits you but does no damage.
The bat hits you but does no damage. The bat hits you.
You take 1 damage, and have 10/13 hp.
The bat hits you.
You take 1 damage, and have 9/13 hp.
The bat barely misses you. The bat misses you.
Aim: a hobgoblin (severely wounded)
The flame tongue misses the bat.
The flame tongue misses the hobgoblin.
The flame tongue hits the frilled lizard.
You kill the frilled lizard!
Your Fire Magic skill increases to level 3!
The bat closely misses you.
You now have 0/3 mp.
You don't have enough magic to cast that spell.
Unknown command.
The bat closely misses you. The bat hits you.
You take 1 damage, and have 8/13 hp.
The bat hits you but does no damage. The bat barely misses you.
The bat closely misses you. The bat misses you. The bat barely misses you.
The bat misses you. The bat misses you.
Aim: a hobgoblin (heavily wounded)
The flame tongue hits the hobgoblin.
You kill the hobgoblin!
You have reached level 2!
Your demonic ancestry asserts itself...
You feel energised by your suffering. The bat hits you but does no damage.
The bat misses you.
You regained 4 hp, and now have 13/19 hp.
You now have 0/5 mp.
The bat hits you.
You take 1 damage, and have 12/19 hp.
The bat closely misses you.
You hit the bat.
You kill the bat!
You see here a bat corpse.
You see here a bat corpse.
You butcher the bat corpse.
f - a chunk of flesh {@w0@w0} You see here a bat skeleton.
You see here a hobgoblin corpse.
You butcher the hobgoblin corpse.
f - 4 chunks of flesh {@w0@w0} (gained 3)
You see here a hobgoblin skeleton.
You butcher the frilled lizard corpse.
f - 5 chunks of flesh {@w0@w0} (gained 1)
There is a stone staircase leading down here.
There is an open door here.
A rat comes into view.
Health restored: 19; MP restored: 5 You can't see any susceptible monsters within range! (Use Z to cast anyway.) Unknown command.
Aim: a rat You miscast Flame Tongue.
You are very lightly contaminated with residual magic.
Wisps of smoke drift from your hands.
You now have 4/5 mp.
Aim: a rat The flame tongue hits the rat.
You kill the rat!
You now have 3/5 mp.
You can't see any susceptible monsters within range! (Use Z to cast anyway.)
A gnoll comes into view. It is wielding a halberd.
You see here a rat corpse.
You butcher the rat corpse.
You see here a chunk of flesh {@w0@w0}.
The gnoll barely misses you.
You see here a chunk of flesh {@w0@w0}.
You don't know that spell.
You don't know that spell.
Aim: a gnoll, wielding a halberd The flame tongue hits the gnoll.
The gnoll hits you from afar with a halberd.
You take 5 damage, and have 14/19 hp.
MASSIVE DAMAGE!!
You now have 2/5 mp.
Aim: a gnoll, wielding a halberd (lightly wounded)
The flame tongue hits the gnoll.
You now have 2/5 mp.
The gnoll hits you with a halberd!
Ouch! That really hurt!
* * * LOW HITPOINT WARNING * * *
You focus on the pain.
You feel very mighty all of a sudden.
You take 12 damage, and have 2/19 hp.
MASSIVE DAMAGE!!
Aim: a gnoll, wielding a halberd (severely wounded)
The flame tongue misses the gnoll.
The gnoll hits you with a halberd!
Ouch! That really hurt!
You die...

### ..# ##### #.#
######...# #.#
########..@g..# #.#
#........###....#
#.#
#.########.........#
#.#####.###
#.....###.#
#.##......# #.......
.. ..##.##.#.#
#.#.#####
####.##.#.# #?#.# #
#.##.#.# #.#.# #
#....#.#


You could see a gnoll.

Vanquished Creatures
  A leopard gecko (D:1)
  2 hobgoblins (D:1)
  A kobold (D:1)
  3 bats (D:1)
  A frilled lizard (D:1)
  A goblin (D:1)
  A rat (D:1)
10 creatures vanquished.

Notes
Turn   | Place    | Note
-------+----------+-------------------------------------------
     0 | D:1      | shakethe the Demonspawn Fire Elementalist began the quest for the Orb.
     0 | D:1      | Reached XP level 1. HP: 13/13 MP: 3/3
    18 | D:1      | HP: 1/13 [leopard gecko (5)]
   597 | D:1      | Reached skill level 3 in Fire Magic
   605 | D:1      | Gained mutation: You sometimes gain a little power by taking damage. [demonic ancestry]
   605 | D:1      | Reached XP level 2. HP: 13/19 MP: 0/5
   743 | D:1      | HP: 2/19 [gnoll/halberd (12)]
   744 | D:1      | Mangled by a gnoll

Skill      XL: |  1 |
---------------+----+-----
Fire Magic     | 3 |  3.0
Dodging        | |  1.7
Stealth        | |  1.7
Spellcasting   | |  2.0
Conjurations   | |  1.7

Action                   || total
-------------------------++-------
Melee: Unarmed           ||    31
       Club              ||     1
Throw: Stone             ||     3
 Cast: Flame Tongue      ||    21
Armor: Robe              ||    26
Dodge: Dodged            ||    58

Vault maps used:
D:1:      minmay_arrival_diagonal_passages

Table legend:
 A = Turns spent in this place as a percentage of turns spent in the entire game.
 B = Non-inter-level travel turns spent in this place as a percentage of non-inter-level travel turns spent in the entire game.
 C = Inter-level travel turns spent in this place as a percentage of turns spent in this place.
 D = Turns resting spent in this place as a percentage of non-inter-level travel turns spent in this place.
 E = Turns spent auto-exploring this place as a percentage of non-inter-level travel turns spent in this place.
 F = Non-inter-level travel turns spent in this place divided by the number of levels of this place that you've seen.
                   A       B       C       D       E      F
               +-------+-------+-------+-------+-------+----------------------
         Total | 100.0 | 100.0 |   0.0 |  44.8 |  26.5 | 744.0
       Dungeon | 100.0 | 100.0 |   0.0 |  44.8 |  26.5 | 744.0
               +-------+-------+-------+-------+-------+----------------------

Table legend:
 A = Kills in this place as a percentage of kills in entire the game.
 B = Kills by you in this place as a percentage of kills by you in the entire game.
 C = Kills by friends in this place as a percentage of kills by friends in the entire game.
 D = Other kills in this place as a percentage of other kills in the entire game.
 E = Experience gained in this place as a percentage of experience gained in the entire game.
 F = Experience gained in this place divided by the number of levels of this place that you have seen.
                   A       B       C       D       E      F
               +-------+-------+-------+-------+-------+----------------------
         Total | 100.0 | 100.0 |   N/A |   N/A | 100.0 |  16.0
       Dungeon | 100.0 | 100.0 |   N/A |   N/A | 100.0 |  16.0
               +-------+-------+-------+-------+-------+----------------------
